 Dungeon Crawl Stone Soup version 0.29-a0-322-g68df515428 (webtiles) character file.

Game seed: 2072593338486626249

20 siradein the Magician (level 3, -1/28 HPs)
             Began as a Djinni Warper on Apr 8, 2022.
             Slain by a gnoll
             ... wielding a +0 whip
              (6 damage)
             ... on level 1 of the Dungeon.
             The game lasted 00:03:11 (1002 turns).

siradein the Magician (Djinni Warper)               Turns: 1002, Time: 00:03:11

Health: -1/28      AC:  4    Str: 10    XL:     3   Next: 0%
Gold:   38         EV: 12    Int: 16    God:
                   SH:  0    Dex: 12

rFire   + + .      SeeInvis .   a - +0 falchion
rCold   x . .      Faith    .   (no shield)
rNeg    . . .      Spirit   .   b - +0 leather armour
rPois   ∞          Reflect  .   (no helmet)
rElec   .          Harm     .   j - scarf {shadows}
rCorr   .          Rampage  .   i - +0 pair of gloves
Will    .....                   (boots unavailable)
Stlth   +.........              (no amulet)
HPRegen 0.09/turn               (no ring)
MPRegen 0.00/turn               (no ring)

@: flying
A: sickness immunity, fire resistance 2, cold vulnerability 1, float, innate
caster, HP casting, extra vitality 1
a: no special abilities


You were on level 1 of the Dungeon.
You visited 1 branch of the dungeon, and saw 2 of its levels.

You collected 38 gold pieces.

Inventory:

Hand Weapons
 a - a +0 falchion (weapon)
Missiles
 d - 7 boomerangs of dispersal
 o - 15 stones
Armour
 b - a +0 leather armour (worn)
 i - a +0 pair of gloves (worn)
 j - a scarf of shadows (worn)
Jewellery
 k - a ring of ice
Scrolls
 c - a scroll of blinking
 l - a scroll of enchant weapon {unknown}
 n - a scroll of magic mapping {unknown}
Potions
 e - a potion of mutation {unknown}
 f - a potion of heal wounds {unknown}
 g - 2 potions of attraction {unknown}
 h - a potion of invisibility {unknown}
 m - a potion of curing {unknown}


   Skills:
 + Level 2.2 Fighting
 + Level 2.0 Long Blades
 - Level 0.7 Throwing
 + Level 1.3 Armour
 + Level 2.4 Dodging
 * Level 2.6 Spellcasting


You couldn't memorise any spells.
You knew the following spells:

 Your Spells              Type           Power      Damage    Failure   Level
a - Blink                 Tloc           20%        N/A       13%         2
b - Lesser Beckoning      Tloc           10%        N/A       26%         3
c - Gell's Gravitas       Tloc           10%        N/A       26%         3
d - Teleport Other        Tloc           10%        N/A       26%         3
e - Manifold Assault      Tloc           10%        N/A       93%         5
f - Sandblast             Erth           20%        2d7       9%          1
Your spell library was empty.

Dungeon Overview and Level Annotations

Branches:
Dungeon (2/15)

Altars:


Innate Abilities, Weirdness & Mutations

You are immune to sickness and miasma.
You are immune to poison.
Your flesh is very heat resistant. (rF++)
You are vulnerable to cold. (rC-)
You float through the air rather than walking.
You learn spells naturally, not from books.
Your magical power is your life essence.
You have superior vitality. (+4 MHP)


Message History

The gnoll hits you with a +0 whip.
You fly upwards.
There is a stone staircase leading down here.
The blast of sand misses the gnoll.
The gnoll barely misses you.
You hit the gnoll.
The gnoll is moderately wounded.
The gnoll hits you with a +0 whip.
You hit the gnoll but do no damage.
The gnoll is moderately wounded.
The gnoll hits you but does no damage.
You hit the gnoll. You punch the gnoll.
The gnoll is heavily wounded.
The gnoll barely misses you.
You closely miss the gnoll.
The gnoll is heavily wounded.
The gnoll hits you with a +0 whip. The gnoll hits you with a +0 whip!
You are too injured to fight recklessly!
You are too injured to fight recklessly!
You barely miss the gnoll.
The gnoll is heavily wounded.
The gnoll closely misses you.
You closely miss the gnoll.
The gnoll is heavily wounded.
The gnoll hits you with a +0 whip.
* * * LOW HITPOINT WARNING * * *
You hit the gnoll but do no damage.
The gnoll is heavily wounded.
The gnoll barely misses you.
You barely miss the gnoll.
The gnoll is heavily wounded.
The gnoll closely misses you.
You hit the gnoll. You punch the gnoll, but do no damage.
The gnoll is almost dead.
The gnoll hits you with a +0 whip.
* * * LOW HITPOINT WARNING * * *
The gnoll hits you but does no damage.
You barely miss the gnoll.
The gnoll is almost dead.
The gnoll hits you with a +0 whip.
You die...

###############
#.............#
#.###########.###########
#.# #...#
#.##.>......######## #.#
#...# #.##.######.##...##.
#.# #...#
#.##......#.#....##. #.#
#...#####.##.####.#.#....##.
#.#
#...+......@................
#.#
#...#####.#g......#.#....#..
#.###...#
#.#.................
#.......#
#.#.......#......÷..
#####.#.#
#.#.#####.####.....#
#.#.#####.#.#..............#
#.#.......#.#.....#######..#
#.#########.#..#### ##.# #.#
#.#..# #..


You could see a gnoll.

Vanquished Creatures
  2 giant cockroaches
  3 goblins (D:1)
  5 hobgoblins (D:1)
  A quokka (D:1)
  A ball python (D:2)
  2 bats (D:1)
  A kobold (D:1)
  2 rats (D:1)
17 creatures vanquished.

Notes
Turn   | Place    | Note
-------+----------+-------------------------------------------
     0 | D:1      | siradein the Djinni Warper began the quest for the Orb.
     0 | D:1      | Reached XP level 1. HP: 18/18 MP: 0/0
   172 | D:1      | Reached XP level 2. HP: 23/23 MP: 0/0
   848 | D:2      | Reached XP level 3. HP: 22/28 MP: 0/0
   848 | D:2      | Learned a level 1 spell: Sandblast
  1002 | D:1      | Slain by a gnoll

Illustrated notes

Levels and vault maps discovered:
D:1:      dpeg_arrival_tiny_d, layout_basic
D:2:      layout_basic, ebering_ecumenical_altar_sacrificial, serial_shops,
          nicolae_shop_window_shopping

Skill      XL: |  1  2 |
---------------+-------+-----
Long Blades    | 2 |  2.0
Fighting       | |  2.2
Throwing       | |  0.7
Armour         | |  1.3
Dodging        | |  2.4
Spellcasting   | |  2.6

Action                   || total
-------------------------++-------
Melee: Falchion          ||    62
       Punch             ||     2
 Cast: Sandblast         ||     1
Armor: Leather armour    ||    21
Dodge: Dodged            ||    33

Table legend: (Time is in decaauts)
 A = Elapsed time spent in this place.
 B = Non-inter-level travel time spent in this place.
 C = Inter-level travel time spent in this place.
 D = Time resting spent in this place.
 E = Time spent auto-exploring this place.
 F = Levels seen in this place.
 G = Mean time per level.
                   A        B        C        D        E       F      G
               +--------+--------+--------+--------+--------+-----+--------+
         Total |   1015 |    945 |     70 |      0 |    751 |   2 |  507.5 |
       Dungeon |   1015 |    945 |     70 |      0 |    751 |   2 |  507.5 |
               +--------+--------+--------+--------+--------+-----+--------+

Top non-repeatable levels by time:
     D:1: 930 daAuts
     D:2: 85 daAuts
